 Dungeon Crawl Stone Soup version 0.28.0-1-gb440e238dd (webtiles) character file.

Game seed: 12530787091948848629

67 Aksej the Poker (level 4, -1/40 HPs)
             Began as a Hill Orc Monk on Feb 22, 2022.
             Slain by a gnoll (4 damage)
             ... on level 2 of the Dungeon.
             The game lasted 00:03:32 (2156 turns).

Aksej the Poker (Hill Orc Monk)                     Turns: 2156, Time: 00:03:33

Health: -1/40      AC:  3    Str: 13    XL:     4   Next: 16%
Magic:  4/4        EV: 12    Int: 12    God:
Gold:   135        SH:  0    Dex: 13    Spells: 3/3 levels left

rFire   . . .      SeeInvis .   a - +0 spear
rCold   . . .      Faith    .   (no shield)
rNeg    . . .      Spirit   .   b - +1 robe
rPois   .          Reflect  .   (no helmet)
rElec   .          Harm     .   (no cloak)
rCorr   .          Rampage  .   (no gloves)
Will    .....                   (no boots)
Stlth   ++........              (no amulet)
HPRegen 0.13/turn               (no ring)
MPRegen 0.09/turn               (no ring)

@: no status effects
A: no striking features
a: no special abilities


You were on level 2 of the Dungeon.
You visited 1 branch of the dungeon, and saw 2 of its levels.

You collected 135 gold pieces.

Inventory:

Hand Weapons
 a - a +0 spear (weapon)
Armour
 b - a +1 robe (worn)
Scrolls
 c - 2 scrolls of enchant armour
Potions
 d - a potion of magic
 g - a potion of brilliance
 h - a potion of haste {unknown}
 i - a potion of might {unknown}


   Skills:
 + Level 4.1 Fighting
 + Level 4.2 Polearms
 + Level 2.9 Dodging
 + Level 1.9 Stealth


You had 3 spell levels left.
You didn't know any spells.
Your spell library was empty.

Dungeon Overview and Level Annotations

Branches:
Dungeon (2/15)

Altars:


Message History

You are too injured to fight recklessly!
You are confused.
You feel invigorated. The gnoll barely misses you.
You're too confused to move!
The gnoll hits you with a +0 whip.
You bump into the rock wall.
You feel less invigorated.
You feel less confused.
You closely miss the gnoll.
The gnoll is moderately wounded.
The gnoll hits you with a +0 whip. The gnoll hits you with a +0 club.
You closely miss the gnoll.
The gnoll is moderately wounded.
The gnoll hits you with a +0 whip. The gnoll hits you with a +0 club.
You barely miss the gnoll.
The gnoll is moderately wounded.
The gnoll hits you with a +0 whip!
* * * LOW HITPOINT WARNING * * *
You hit the gnoll.
The gnoll is heavily wounded.
The gnoll closely misses you. The gnoll misses you.
You hit the gnoll but do no damage.
The gnoll is heavily wounded.
The gnoll barely misses you. x2
You hit the gnoll.
The gnoll is heavily wounded.
The gnoll closely misses you.
You hit the gnoll but do no damage.
The gnoll is heavily wounded.
The gnoll hits you with a +0 whip!
* * * LOW HITPOINT WARNING * * *
The gnoll closely misses you.
You hit the gnoll.
The gnoll is severely wounded.
The gnoll barely misses you. The gnoll misses you.
You hit the gnoll.
The gnoll is severely wounded.
The gnoll completely misses you. The gnoll misses you.
You closely miss the gnoll.
The gnoll is severely wounded.
The gnoll hits you with a +0 whip.
You die...

#.# #......+......#
#.# #..#####......#
#.# #..############
#.# #...........#
#.# #...........#
#.####.....รท.....#
.................#
..######.........#
..# #.......g@# ..#
########g## ..#
#######)### ###
#.........#
#.........#
#.........#
#.........#
#.........#
#.........#


You could see 2 gnolls.

Vanquished Creatures
  A gnoll (D:2)
  An adder (D:2)
  A worm (D:2)
  A dart slug (D:1)
  2 ball pythons (D:1)
  5 endoplasms
  2 giant cockroaches
  A goblin (D:1)
  6 hobgoblins (D:1)
  4 quokkas
  6 bats (D:1)
  A frilled lizard (D:1)
  5 kobolds
  4 rats
40 creatures vanquished.

Notes
Turn   | Place    | Note
-------+----------+-------------------------------------------
     0 | D:1      | Aksej the Hill Orc Monk began the quest for the Orb.
     0 | D:1      | Reached XP level 1. HP: 19/19 MP: 1/1
   158 | D:1      | Reached XP level 2. HP: 27/27 MP: 2/2
   161 | D:1      | Found a faded altar of an unknown god.
   528 | D:1      | Reached XP level 3. HP: 22/33 MP: 3/3
  1915 | D:2      | Reached XP level 4. HP: 18/40 MP: 4/4
  2156 | D:2      | Slain by a gnoll

Illustrated notes

Levels and vault maps discovered:
D:1:      saegor_arrival_under_anarchy, layout_loops_ring,
          hellmonk_ecumenical_altar_prayer_group, minmay_hexomino_c4
D:2:      layout_basic

Skill      XL: |  1  2  3 |
---------------+----------+-----
Fighting       | 4 |  4.1
Polearms       | 4 |  4.2
Dodging        | |  2.9
Stealth        | |  1.9

Action                   |  1- 3 |  4- 6 || total
-------------------------+-------+-------++-------
Melee: Spear             |   157 |    19 ||   176
       Punch             |     2 |       ||     2
  Use: Scroll            |     5 |     1 ||     6
       Potion            |     2 |     1 ||     3
 Stab: Sleeping          |     6 |       ||     6
Armor: Robe              |    18 |       ||    18
Dodge: Dodged            |    73 |    14 ||    87
